 Dungeon Crawl Stone Soup version 0.29-a0-1047-g7c58e119a4 (webtiles) character file.

Game seed: 16604004678507370683

2058 Zeldest the Trooper (level 9, -9/117 HPs)
             Began as a Meteoran Chaos Knight on Aug 16, 2022.
             Was a Follower of Kikubaaqudgha.
             Mangled by a komodo dragon (21 damage)
             ... on level 8 of the Dungeon.
             The game lasted 00:16:49 (2134 turns).

Zeldest the Trooper (Meteoran Chaos Knight)         Turns: 2134, Time: 00:16:50

Health: -9/117     AC:  8    Str: 13 (14) XL:     9   Next: 78%
Magic:  11/17      EV: 13    Int: 22      God:    Kikubaaqudgha [*.....]
Gold:   305        SH:  0    Dex: 13      Spells: 5/18 levels left

rFire   . . .      SeeInvis .   j - +7 dagger of Wrongful Imprisonment {vorpal, rPois Int+4 Dex+3}
rCold   . . .      Faith    .   (no shield)
rNeg    . . .      Spirit   .   b - +2 leather armour
rPois   +          Reflect  .   (no helmet)
rElec   .          Harm     .   h - +0 cloak
rCorr   .          Rampage  .   (no gloves)
Will    +....      Rage     9%  d - +1 pair of boots
Stlth   ..........              (no amulet)
HPRegen 0.29/turn               (no ring)
MPRegen 0.15/turn               (no ring)

@: berserking, animating dead, glowing, unable to drink, very quick
A: sense surroundings 2, otherworldly, glowing, explore regen, berserk 2, clumsy
2, deformed body, deterioration 1, shaggy fur 1, inability to drink after injury
1
a: Renounce Religion, Unearth Wretches


You were on level 8 of the Dungeon.
You worshipped Kikubaaqudgha.
Kikubaaqudgha was aware of your devotion.
You visited 2 branches of the dungeon, and saw 10 of its levels.

You collected 305 gold pieces.

Inventory:

Hand Weapons
 j - the +7 dagger of Wrongful Imprisonment (weapon) {vorpal, rPois Int+4 Dex+3}
   (You found it on level 2 of the Dungeon)

   It inflicts extra damage upon your enemies.
   Int:       It affects your intelligence (+4).
   Dex:       It affects your dexterity (+3).
   rPois:     It protects you from poison.
Missiles
 k - 2 throwing nets
Armour
 b - a +2 leather armour (worn)
 d - a +1 pair of boots (worn)
 h - a +0 cloak (worn)
Scrolls
 i - 2 scrolls of vulnerability
 l - 7 scrolls of identify
Potions
 a - 3 potions of flight
 e - a potion of brilliance
 g - a potion of heal wounds
 m - a potion of resistance
Miscellaneous
 c - a piece from Xom's chessboard (11/15) (quivered)


   Skills:
 + Level 6.8 Fighting
 - Level 3.0(3.9) Short Blades
 - Level 4.0(4.6) Long Blades
 - Level 3.9 Axes
 - Level 4.6 Armour
 - Level 5.0 Dodging
 + Level 5.0 Spellcasting
 * Level 6.6 Necromancy


You had 5 spell levels left.
You knew the following spells:

 Your Spells              Type           Power      Damage    Failure   Level
a - Necrotise             Necr           100%       1d9       1%          1
b - Vampiric Draining     Necr           34%        2d8       2%          3
c - Agony                 Necr           34%        N/A       22%         5
d - Animate Dead          Necr           34%        N/A       9%          4

Your spell library contained the following spells:

 Spells                   Type           Power      Damage    Failure   Level
 Sublimation of Blood     Necr           34%        N/A       1%          2
 Anguish                  Hex/Necr       10%        N/A       32%         4


Dungeon Overview and Level Annotations

Branches:
Dungeon (9/15) Zot: 3333   Temple (1/1) D:6 Zot: 569
   Lair: D:8-11         Orc: D:9-12

Altars:
Cheibriados
Dithmenos
Elyvilon
Fedhas
Gozag
Kikubaaqudgha
Makhleb
Nemelex Xobeh
Uskayaw
Vehumet
Wu Jian
Xom

Shops:
D:8 =

Annotations:
D:4 1 runed translucent door, crescentfresh's ghost, amateur OpVM
D:5 Menkaure


Innate Abilities, Weirdness & Mutations

You passively map the area around you.
You are easily found by Zot.
You glow in the dark.
You regain HP and MP as you explore.
You have an uncontrollable temper.
You are very clumsy. (Dex -4)
Armour fits poorly on your strangely shaped body.
Your body sometimes deteriorates upon taking damage.
You are covered in fur. (AC +1)
You occasionally lose the ability to drink potions when taking damage.


Message History

You cannot drink potions in your current state!
Kikubaaqudgha calls piteous wretches from the earth!
A gnoll, a goblin, a centaur and an adder come into view.
The black bear closely misses you. The black bear barely misses you.
The black bear claws you but does no damage.
The komodo dragon misses you.
You hit the komodo dragon but do no damage.
The komodo dragon is moderately wounded.
The black bear bites you.
* * * LOW HITPOINT WARNING * * *
The black bear misses you. x2; The komodo dragon misses you.
You hit the komodo dragon but do no damage.
The komodo dragon is moderately wounded.
The black bear bites you but does no damage.
The black bear claws you but does no damage.
The black bear claws you.
* * * LOW HITPOINT WARNING * * *
The komodo dragon closely misses you.
You hit the komodo dragon but do no damage.
The komodo dragon is moderately wounded.
A nearby gnoll perishes wretchedly.
A nearby goblin perishes wretchedly.
A nearby centaur perishes wretchedly.
A nearby adder perishes wretchedly.
The dead are slithering!
The dead are walking!
The black bear bites you.
* * * LOW HITPOINT WARNING * * *
The black bear claws you but does no damage.
The black bear misses you. The komodo dragon closely misses you.
A red film seems to cover your vision as you go berserk!
You feel yourself moving faster!
You feel mighty!
You barely miss the komodo dragon.
The komodo dragon is moderately wounded.
The black bear bites you.
* * * LOW HITPOINT WARNING * * *
The black bear claws you but does no damage.
The black bear closely misses you.
You puncture the komodo dragon!
The komodo dragon is heavily wounded.
The black bear stops glowing.
The komodo dragon bites you!!
You die...
Xom chuckles heartily!
Kikubaaqudgha rasps: "You have failed me!
Welcome... death!"

....##........#.#.......#
................#..#....#
.....#..................#
..............#...Z###.##
.....#........#....# #.#
...#.........#..Z###*#.#
.)###..######....# ...#
......## #.Z####..###
.####.# #..#@hZ.# .#
.....####..#l#### .#
#####.......†ZZ..# .., *
..............#* .# *
,...............# .#
...............# .
,...............# , *
...............# ,
...............#


You could see a komodo dragon (ally target), a black bear, a friendly adder
zombie, a friendly gnoll zombie and a friendly centaur zombie.

Vanquished Creatures
  Grinder (D:5)
  2 water moccasins
  An orc warrior (D:8)
  An ice beast (D:6)
  2 centaurs
  3 ogres
  A gnoll sergeant (D:6)
  A scorpion (D:6)
  A bullfrog (D:6)
  5 killer bees (D:8)
  7 hounds
  An iguana (D:5)
  An orc priest (D:8)
  3 orc wizards (D:5)
  4 gnolls
  3 adders
  A shadow imp (D:5)
  A white imp (D:6)
  An ufetubus (D:5)
  2 dart slugs (D:4)
  10 orcs
  3 bats (D:1)
  3 endoplasms
  2 giant cockroaches
  2 goblins
  A hobgoblin (D:2)
  2 jackals (D:5)
  4 kobolds
  3 quokkas
  6 ball pythons
  2 frilled lizards
  3 rats
83 creatures vanquished.

Vanquished Creatures (collateral kills)
  A wyvern (D:8)
  A white imp (D:8)
2 creatures vanquished.

Vanquished Creatures (others)
  A centaur (D:8)
  A killer bee (D:8)
  A gnoll (D:8)
  An adder (D:8)
  A goblin (D:8)
  4 orc zombies (D:8)
  A plant (D:9)
10 creatures vanquished.

Grand Total: 95 creatures vanquished

Notes
Turn   | Place    | Note
-------+----------+-------------------------------------------
     0 | D:1      | Zeldest the Meteoran Chaos Knight began the quest for the
                  | Orb.
     0 | D:1      | Reached XP level 1. HP: 19/19 MP: 2/2
    78 | D:2      | Reached XP level 2. HP: 23/26 MP: 3/3
    84 | D:2      | Reached XP level 3. HP: 28/31 MP: 4/4
   112 | D:2      | Identified the +7 dagger of Wrongful Imprisonment {vorpal,
                  | rPois Int+4 Dex+3}
   165 | D:1      | Found a faded altar of an unknown god.
   178 | D:1      | XOM: silly message
   189 | D:1      | XOM: divination: detect items
   366 | D:4      | Noticed an ogre
   368 | D:4      | XOM: 2-stop teleportation journey
   387 | D:4      | XOM: noise
   388 | D:4      | Killed an ogre
   389 | D:4      | Reached skill level 1 in Short Blades
   389 | D:4      | Reached XP level 4. HP: 30/40 MP: 5/5
   389 | D:4      | Reached XP level 5. HP: 34/46 MP: 6/6
   420 | D:4      | Noticed an ogre
   455 | D:4      | Reached XP level 6. HP: 43/52 MP: 7/7
   612 | D:5      | Entered Level 5 of the Dungeon
   653 | D:4      | Noticed crescentfresh's ghost (amateur OpVM)
   654 | D:4      | Found a runed translucent door.
   801 | D:6      | XOM is BORED!
   801 | D:6      | XOM: give mutations
   801 | D:6      | Gained mutation: You are frail. (-10% HP) [Xom's mischief]
   801 | D:6      | Gained mutation: You are weak. (Str -2) [Xom's mischief]
   801 | D:6      | Gained mutation: You occasionally lose the ability to drink
                  | potions when taking damage. [Xom's mischief]
   804 | D:6      | Lost mutation: You are weak. (Str -2) [potion of mutation]
   804 | D:6      | Lost mutation: You are frail. (-10% HP) [potion of
                  | mutation]
   804 | D:6      | Gained mutation: You are occasionally teleported next to
                  | monsters. [potion of mutation]
   804 | D:6      | Gained mutation: You are covered in fur. (AC +1) [potion of
                  | mutation]
   842 | D:6      | Noticed an ice beast
   845 | D:6      | XOM: chaos cloud
   855 | D:6      | Killed an ice beast
   856 | D:6      | Reached XP level 7. HP: 24/60 MP: 8/8
   865 | D:6      | Found a staircase to the Ecumenical Temple.
   872 | Temple   | Entered the Ecumenical Temple
   886 | Temple   | Fell from the grace of Xom
   886 | Temple   | Became a worshipper of Kikubaaqudgha
  1048 | D:5      | Reached skill level 5 in Fighting
  1048 | D:5      | Reached skill level 1 in Long Blades
  1048 | D:5      | Reached skill level 1 in Spellcasting
  1048 | D:5      | Reached skill level 1 in Necromancy
  1079 | D:5      | Noticed Menkaure
  1205 | D:5      | Noticed Grinder
  1211 | D:5      | Paralysed by Grinder for 5 turns
  1225 | D:5      | Reached XP level 8. HP: 16/68 MP: 9/11
  1253 | D:6      | Noticed a cyclops
  1253 | D:6      | Noticed a five-headed hydra
  1266 | D:5      | Paralysed by Grinder for 2 turns
  1281 | D:5      | Killed Grinder
  1317 | D:5      | HP: 2/69 [something (4)]
  1383 | D:5      | XOM: torment (19/69 hp)
  1439 | D:6      | Reached skill level 5 in Dodging
  1442 | D:6      | Learned a level 1 spell: Necrotise
  1448 | D:6      | Learned a level 3 spell: Vampiric Draining
  1472 | D:6      | XOM: give mutations
  1472 | D:6      | Gained mutation: You are clumsy. (Dex -2) [Xom's mischief]
  1472 | D:6      | Lost mutation: You are occasionally teleported next to
                  | monsters. [Xom's mischief]
  1472 | D:6      | Gained mutation: Armour fits poorly on your strangely
                  | shaped body. [Xom's mischief]
  1484 | D:6      | Gained mutation: You passively map the area around you.
                  | [Meteoran growth]
  1484 | D:6      | Reached XP level 9. HP: 44/75 MP: 14/14
  1662 | D:7      | XOM: 3-stop teleportation journey
  1730 | D:6      | Learned a level 5 spell: Agony
  1744 | D:6      | Reached skill level 5 in Necromancy
  1905 | D:8      | Reached * piety under Kikubaaqudgha
  1905 | D:8      | Received a gift from Kikubaaqudgha
  1912 | D:8      | Learned a level 4 spell: Animate Dead
  1916 | D:8      | Found Dunnytwy's Jewellery Shop.
  1980 | D:8      | XOM: 1-stop teleportation journey
  2071 | D:8      | Reached skill level 5 in Spellcasting
  2071 | D:8      | XOM: give mutations
  2071 | D:8      | Gained mutation: You are very clumsy. (Dex -4) [Xom's
                  | mischief]
  2071 | D:8      | Gained mutation: You sometimes lose your temper in combat.
                  | [Xom's mischief]
  2071 | D:8      | Gained mutation: Your body sometimes deteriorates upon
                  | taking damage. [Xom's mischief]
  2071 | D:8      | Gained mutation: You have an uncontrollable temper. [Xom's
                  | mischief]
  2115 | D:9      | Noticed a komodo dragon
  2134 | D:8      | Mangled by a komodo dragon

Illustrated notes

Levels and vault maps discovered:
D:1:      dpeg_arrival_more_subterranean_lakeside_camping, layout_basic,
          dreamdust_ecumenical_altar_grove, minmay_tetromino_s4
D:2:      layout_loops_cross, basic_altar, minmay_fractal_squares_5
D:3:      layout_loops_ring, hangedman_decor_slide_cut,
          chequers_serial_rivers_marsh, hex_large, nicolae_wormholes
D:4:      layout_basic, lemuel_round_altar, nicolae_overflow_hidden_temple,
          hellmonk_ghost_happy_afterlife, corner_web_ring, nrook_mini_vaults,
          grunt_ministairs_2, kennysheep_decorative_pillar, grunt_decor_cap,
          minmay_unequal
D:5:      layout_rooms, uniq_menkaure, uniq_grinder
D:6:      layout_basic, minmay_temple_entry_statues_fountains, kb_rosetta
D:7:      layout_basic, mainiacjoe_overflow_catch_the_wave,
          minmay_misc_feat_roman
D:8:      layout_rooms, serial_shops, nicolae_shop_advertising_works
          [nicolae_subvault_shop_adworks], minivault_22, grunt_decor_resistance
D:9:      layout_irregular_city, grunt_lair_entry_orc_guard_hut
Temple:   hellmonk_temple_two_chambers

Skill      XL: |  1  2  3  4  5  6  7  8  9 |
---------------+----------------------------+-----
Dodging        | 2 3 4 5 |  5.0
Armour         | 3 4 |  4.6
Fighting       | 4 5 6 |  6.8
Short Blades   | 1 2 3 |  3.0
Long Blades    | 2 4 |  4.0
Spellcasting   | 1 3 5 |  5.0
Necromancy     | 2 4 6 |  6.6
Axes           | |  3.9

Action                   |  1- 3 |  4- 6 |  7- 9 || total
-------------------------+-------+-------+-------++-------
Melee: Hand axe          |    16 |       |       ||    16
       Dagger            |    31 |    51 |   134 ||   216
       Punch             |       |     1 |     3 ||     4
 Cast: Necrotise         |       |       |    39 ||    39
       Animate Dead      |       |       |     4 ||     4
       Vampiric Draining |       |       |     3 ||     3
Invok: Unearth Wretches  |       |       |     1 ||     1
Evoke: Piece from Xom's  |     5 |     1 |     8 ||    14
       Wand              |       |       |     3 ||     3
  Use: Potion            |       |     3 |     5 ||     8
       Scroll            |       |       |     9 ||     9
 Stab: Petrifying        |       |     1 |       ||     1
Armor: Leather armour    |    42 |    19 |    55 ||   116
Dodge: Dodged            |    38 |    24 |    94 ||   156

Table legend: (Time is in decaauts)
 A = Elapsed time spent in this place.
 B = Non-inter-level travel time spent in this place.
 C = Inter-level travel time spent in this place.
 D = Time resting spent in this place.
 E = Time spent auto-exploring this place.
 F = Levels seen in this place.
 G = Mean time per level.
                   A        B        C        D        E       F      G
               +--------+--------+--------+--------+--------+-----+--------+
         Total |   2097 |   1974 |    123 |      0 |     90 |  10 |  209.7 |
       Dungeon |   2066 |   1943 |    123 |      0 |     90 |   9 |  229.6 |
        Temple |     30 |     30 |      0 |      0 |      0 |   1 |   30.0 |
               +--------+--------+--------+--------+--------+-----+--------+

Top non-repeatable levels by time:
     D:6: 473 daAuts
     D:5: 417 daAuts
     D:4: 323 daAuts
     D:8: 217 daAuts
     D:1: 210 daAuts
     D:7: 194 daAuts
     D:2: 113 daAuts
     D:3: 102 daAuts
  Temple: 30 daAuts
     D:9: 14 daAuts
